 Dungeon Crawl Stone Soup version 0.32-a0-585-gef4fe23122 (webtiles) character file.

Game seed: 1934277065988242448

4695 bugwipe the Carver (level 10, -11/84 HPs)
             Began as a Minotaur Fighter on Feb 29, 2024.
             Was an Initiate of Nemelex Xobeh.
             Mangled by an orc warlord
             ... wielding a +3 broad axe
              (28 damage)
             ... in a bailey on Mar 2, 2024.
             The game lasted 01:39:22 (6094 turns).

bugwipe the Carver (Minotaur Fighter)               Turns: 6094, Time: 01:39:22

Health: -11/84     AC: 18    Str: 23    XL:     10   Next: 21%
Magic:  13/13      EV: 13    Int:  5    God:    Nemelex Xobeh [......]
Gold:   454        SH:  0    Dex: 12    Spells: 14/14 levels left

rFire   . . .        d - +4 great sword
rCold   . . .        (shield currently unavailable)
rNeg    . . .        I - +0 plate armour
rPois   +            (helmet restricted)
rElec   .            i - +2 cloak {rPois}
rCorr   .            w - +0 pair of gloves
SInv    .            (no boots)
Will    .....        (no amulet) Stlth
                     s - +5 ring of evasion
HPRegen 0.34/turn    (no ring)
MPRegen 0.13/turn

%: no passive effects
@: hasted, very quick
A: horns 2, retaliatory headbutt
a: Renounce Religion, Draw Escape, Draw Destruction, Draw Summoning


You were in a bailey.
You worshipped Nemelex Xobeh.
Nemelex Xobeh was noncommittal.
You visited 1 branch of the dungeon, and saw 8 of its levels.
You also visited: Bailey.

You collected 454 gold pieces.

Inventory:

Hand Weapons
 a - a +0 long sword
 d - a +4 great sword (weapon)
 f - a +0 sling
 C - a +1 falchion of venom
 D - the +3 hammer "Feizxeg" {freeze, *Corrode rElec Will+}
   (You found it on level 5 of the Dungeon)

   rElec:     It insulates you from electricity.
   Will+:     It increases your willpower.
   *Corrode:  It may corrode you when you take damage.
Missiles
 l - a throwing net (quivered)
Armour
 c - a +0 buckler
 g - +0 steam dragon scales
 i - a +2 cloak of poison resistance (worn)
 w - a +0 pair of gloves (worn)
 B - a +2 ring mail of poison resistance
 I - a +0 plate armour (worn)
Magical Staves
 t - a staff of cold
Jewellery
 s - a +5 ring of evasion (left hand)
 J - an amulet of faith
Talismans
 F - a flux talisman
Wands
 k - a wand of iceblast (9)
 o - a wand of light (6)
 A - a wand of flame (17)
 H - a wand of polymorph (5)
Scrolls
 e - 3 scrolls of butterflies {unknown}
 h - a scroll of vulnerability {unknown}
 j - a scroll of brand weapon {unknown}
 n - 2 scrolls of noise
 p - a scroll of silence {unknown}
 q - a scroll of poison
 u - 2 scrolls of teleportation
 v - a scroll of immolation {unknown}
 x - 3 scrolls of revelation
 y - a scroll of enchant weapon {unknown}
 z - 3 scrolls of amnesia
 L - a scroll of fear {unknown}
 M - a scroll of blinking {unknown}
Potions
 b - a potion of haste
 m - 3 potions of degeneration
 r - a potion of attraction
 E - 3 potions of brilliance {unknown}
 G - a potion of ambrosia {unknown}
 K - a potion of mutation {unknown}


   Skills:
 + Level 6.9 Fighting
 * Level 13.3 Long Blades
 + Level 7.6 Armour
 + Level 3.2 Dodging
 + Level 0.5 Stealth
 + Level 5.9 Shields
 * Level 2.8 Spellcasting


You had 14 spell levels left.
You didn't know any spells.
Your spell library contained the following spells:

 Spells                   Type           Power      Damage    Failure   Level
 Dazzling Flash           Conj/Hex       0%         N/A       100%        3
 Volatile Blastmotes      Fire/Tloc      0%         2d10      100%        3
 Animate Dead             Necr           0%         N/A       100%        4
 Borgnjor's Vile Clutch   Necr/Erth      0%         N/A       100%        5
 Death Channel            Necr           0%         N/A       100%        6
 Starburst                Conj/Fire      0%         6d3       100%        6
 Maxwell's Capacitive Co  Air            0%         ∞         100%        8


Dungeon Overview and Level Annotations

Branches:
Dungeon (8/15)             Temple (0/1) D:7          Bailey (1/1)
   Lair: D:8-11

Altars:
Cheibriados
Gozag
Nemelex Xobeh
Wu Jian
Yredelemnul

Shops:
D:6 *


Innate Abilities, Weirdness & Mutations

You have a pair of horns on your head.
You reflexively headbutt those who attack you in melee.


Message History

Found a lightning rod (4/4).
There is an open door here.
There is an open door, spattered with blood here.
You see here 3 boomerangs.
Found a gate leading back out of this place.
There is an open door here.
You open the door.
There is an open door here.
There is an open door here.
Unknown command.
There is an open door here.
You open the gate. You slash the orc warlord!
Your headbutt misses the orc warlord.
The orc warlord is lightly wounded.
The orc warlord hits you with a +3 broad axe.
You hit the orc warlord but do no damage.
You headbutt the orc warlord, but do no damage.
The orc warlord is lightly wounded.
The orc warlord hits you with a +3 broad axe!
You slash the orc warlord!
You headbutt the orc warlord, but do no damage.
The orc warlord is moderately wounded.
The orc warlord hits you with a +3 broad axe.
You slash the orc warlord!
The orc warlord is moderately wounded.
The orc warlord hits you with a +3 broad axe!
You slice the orc warlord!!
The orc warlord is heavily wounded.
The orc warlord hits you with a +3 broad axe!!
You slash the orc warlord!
The orc warlord is heavily wounded.
The orc warlord hits you with a +3 broad axe!
You barely miss the orc warlord.
The orc warlord is heavily wounded.
The orc warlord hits you with a +3 broad axe!
* * * LOW HITPOINT WARNING * * *
You feel yourself speed up.
The orc warlord hits you with a +3 broad axe!!
You die...
Your body disappears without a glow.

##### ##### ##...## ##...##
##.....## ##.....##
##.......#######.......##
##.)ß..ß.(.........ß..ß..##
#.........................#
#..[..........@...........#
#...ß......#''o#......ß...#
##......####~~~####......##
♣##.....#~~~~~~~~~#.....##♣
♣.##.[((#~.ß...ß.~#....##.♣
♣♣..###'###.......###'###..♣♣
♣...~~~.#~~.ß...ß.~~#.~~~...♣
♣...~~~.#~.........~#.~~~...♣
∩...~~~.# ....∩.... #.~~~...∩


You could see an orc warlord.

Vanquished Creatures
  A two-headed ogre (D:8)
  Pikel (D:8)
  Sigmund (D:3)
  2 steam dragons
  Eustachio (D:4)
  Menkaure (D:4)
  A water moccasin (D:7)
  An ice beast (D:7)
  5 black bears
  5 orc warriors
  A sky beast (D:7)
  An ogre (D:4)
  2 centaurs
  2 kobold brigands (D:7)
  A bullfrog (D:6)
  A scorpion (D:4)
  5 wights (D:6)
  A howler monkey (D:6)
  3 bombardier beetles
  A gnoll bouda (D:5)
  2 jellies
  Crazy Yiuf (D:5)
  An orc priest (D:3)
  4 hounds
  2 iguanas
  A sleepcap (D:5)
  Ijyb (D:5)
  4 orc wizards (D:7)
  Robin (D:2)
  9 gnolls
  9 adders
  A shadow imp (D:6)
  2 white imps
  2 ufetubi (D:5)
  A ribbon worm (D:3)
  2 dart slugs
  22 orcs
  10 endoplasms
  2 giant cockroaches
  17 goblins
  14 hobgoblins
  11 jackals
  34 kobolds
  5 quokkas
  12 ball pythons
  4 bats
  5 frilled lizards
  7 rats
223 creatures vanquished.

Vanquished Creatures (others)
  An orc wizard (D:6)
  An adder (D:6)
2 creatures vanquished.

Grand Total: 225 creatures vanquished

Notes
Turn   | Place    | Note
-------+----------+-------------------------------------------
     0 | D:1      | bugwipe the Minotaur Fighter began the quest for the Orb.
     0 | D:1      | Reached XP level 1. HP: 19/19 MP: 0/0
    66 | D:1      | Found a faded altar of an unknown god.
    95 | D:1      | Reached XP level 2. HP: 27/27 MP: 1/1
   288 | D:1      | Reached skill level 3 in Long Blades
   494 | D:1      | Reached XP level 3. HP: 33/33 MP: 2/2
   823 | D:2      | Noticed Robin
   839 | D:2      | Killed Robin
   844 | D:2      | Reached XP level 4. HP: 22/40 MP: 3/3
  1001 | D:2      | Reached skill level 4 in Long Blades
  1293 | D:3      | Noticed Sigmund
  1312 | D:3      | Reached skill level 1 in Dodging
  1315 | D:3      | Killed Sigmund
  1316 | D:3      | Reached skill level 5 in Long Blades
  1316 | D:3      | Reached XP level 5. HP: 43/47 MP: 4/4
  1316 | D:3      | Reached XP level 6. HP: 49/53 MP: 5/5
  1545 | D:3      | Reached skill level 6 in Long Blades
  1762 | D:4      | Noticed Eustachio
  1833 | D:4      | Killed Eustachio
  1834 | D:4      | Reached XP level 7. HP: 46/60 MP: 6/6
  1915 | D:4      | Reached skill level 7 in Long Blades
  1948 | D:4      | Reached skill level 5 in Shields
  2081 | D:4      | Noticed Menkaure
  2091 | D:4      | Killed Menkaure
  2092 | D:4      | Reached skill level 5 in Armour
  2135 | D:4      | jjj
  2403 | D:4      | Reached skill level 5 in Fighting
  2403 | D:4      | Reached skill level 8 in Long Blades
  2911 | D:5      | Entered Level 5 of the Dungeon
  3058 | D:5      | Reached XP level 8. HP: 47/68 MP: 7/7
  3115 | D:5      | Noticed Ijyb
  3132 | D:5      | Killed Ijyb
  3260 | D:5      | Reached skill level 9 in Long Blades
  3444 | D:5      | Identified the +3 hammer "Feizxeg" {freeze, *Corrode rElec
                  | Will+}
  3455 | D:5      | Found a runed translucent door.
  3456 | D:5      | Noticed Crazy Yiuf
  3461 | D:5      | Killed Crazy Yiuf
  3918 | D:6      | Found an opulent altar of Gozag.
  3921 | D:6      | Found Gozag's Platinum Reserve.
  3997 | D:6      | Reached skill level 10 in Long Blades
  4005 | D:6      | Reached skill level 1 in Spellcasting
  4267 | D:6      | Upgraded the game from 0.32-a0-543-gefe97123c3 to
                  | 0.32-a0-585-gef4fe23122
  4438 | D:6      | Reached XP level 9. HP: 69/75 MP: 9/9
  4845 | D:7      | Reached skill level 11 in Long Blades
  5188 | D:7      | Found a snail-covered altar of Cheibriados.
  5189 | D:7      | Found an ornate altar of the Wu Jian Council.
  5190 | D:7      | Found a basalt altar of Yredelemnul.
  5410 | D:7      | Found a sparkling altar of Nemelex Xobeh.
  5416 | D:7      | Became a worshipper of Nemelex Xobeh the Trickster
  5449 | D:7      | Found a staircase to the Ecumenical Temple.
  5756 | D:8      | Noticed Pikel
  5766 | D:8      | Noticed a two-headed ogre
  5773 | D:8      | Killed a two-headed ogre
  5774 | D:8      | Reached skill level 12 in Long Blades
  5787 | D:8      | Killed Pikel
  5788 | D:8      | Reached XP level 10. HP: 77/84 MP: 11/13
  5802 | D:8      | Found a flagged portal.
  5807 | D:8      | Reached skill level 13 in Long Blades
  5859 | Bailey   | Entered a bailey
  5889 | Bailey   | Noticed an orc warlord
  5967 | Bailey   | Found a runed translucent gate.
  5969 | Bailey   | Found a runed translucent gate.
  5987 | Bailey   | Found a runed translucent gate.
  6094 | Bailey   | Mangled by an orc warlord

Illustrated notes

#.##.........##..
#.##.###.....##..
#####.##.. ......##..
#.....###............
#.....# ..........#.
#.....######+###...#.
#........[.. +...'.
#..........#.###...#.
#.##@##........'...'.
#(#..........###...#.
#.#................#.
#.#...(......####'##.
..........#. #.###
...........##.####.###
.............##.........
.............#####......
........................


Turn 2135 on D:4: jjj

Levels and vault maps discovered:
D:1:      nicolae_arrival_memento_mori, layout_loops_ring,
          hellmonk_ecumenical_altar_pennies_from_heaven
D:2:      layout_rooms, uniq_robin
D:3:      layout_rooms, uniq_sigmund
D:4:      minmay_evil_eye, layout_basic, uniq_menkaure, uniq_eustachio
D:5:      layout_loops_ring, uniq_crazy_yiuf_cottage, uniq_ijyb
D:6:      layout_basic, nicolae_gozag_zags_fifth_avenue, dk_rats_in_the_wall
D:7:      layout_basic, nemelex_spade_bored_becter,
          chequers_temple_overflow_statue_of_worship, minmay_temple_entry_trees,
          minmay_misc_feat_roman, minmay_misc_feat_five, minmay_diced_spiral
D:8:      layout_loops_cross, enter_bailey_1, serial_aquarium,
          aquarium_bridge_long_joined [aquarium_subvault_bridge,
          aquarium_subvault_bridge, aquarium_subvault_wall,
          aquarium_subvault_balcony, aquarium_subvault_wall,
          aquarium_subvault_window], aquarium_bridge_square
          [aquarium_subvault_bridge, aquarium_subvault_wall,
          aquarium_subvault_wall, aquarium_subvault_balcony],
          aquarium_window_corridor_3, aquarium_window_2, aquarium_window_1,
          aquarium_view_2b, uniq_pikel
Bailey:   bailey_axe_bossmonster_kennysheep, bailey

Skill      XL: |  1  2  3  4  5  6  7  8  9 10 |
---------------+-------------------------------+-----
Fighting       | 4 5 6 |  6.9
Armour         | 4 5 6 7 |  7.6
Long Blades    | 3 5 6 8 10 12 13 | 13.3
Shields        | 4 5 |  5.9
Dodging        | 1 2 3 |  3.2
Spellcasting   | 1 2 |  2.8
Stealth        | |  0.5

Action                     |  1- 3 |  4- 6 |  7- 9 | 10-12 || total
---------------------------+-------+-------+-------+-------++-------
  Melee: Long sword        |    91 |   137 |   193 |       ||   421
         Headbutt          |    12 |    23 |    64 |    11 ||   110
         Great sword       |       |       |   124 |    47 ||   171
    Use: Scroll            |       |     2 |     6 |     2 ||    10
         Potion            |       |     1 |     7 |     1 ||     9
 Armour: Scale mail        |    81 |   110 |    27 |       ||   218
         Chain mail        |       |       |   124 |       ||   124
         Plate armour      |       |       |    48 |    37 ||    85
  Dodge: Dodged            |    50 |   110 |   192 |    41 ||   393
  Block: Buckler           |    36 |    40 |    34 |       ||   110

Table legend: (Time is in decaauts)
 A = Elapsed time spent in this place.
 B = Non-inter-level travel time spent in this place.
 C = Inter-level travel time spent in this place.
 D = Time resting spent in this place.
 E = Time spent auto-exploring this place.
 F = Levels seen in this place.
 G = Mean time per level.
                   A        B        C        D        E       F      G
               +--------+--------+--------+--------+--------+-----+--------+
         Total |   6150 |   5952 |    198 |      0 |   2479 |   9 |  683.3 |
       Dungeon |   5914 |   5716 |    198 |      0 |   2479 |   8 |  739.2 |
        Bailey |    236 |    236 |      0 |      0 |      0 |   1 |  236.0 |
               +--------+--------+--------+--------+--------+-----+--------+

Top non-repeatable levels by time:
     D:4: 1194 daAuts
     D:7: 1073 daAuts
     D:6: 884 daAuts
     D:5: 872 daAuts
     D:1: 754 daAuts
     D:2: 519 daAuts
     D:3: 512 daAuts
  Bailey: 236 daAuts
     D:8: 103 daAuts
